 Dungeon Crawl Stone Soup version 0.28.0-47-ge53b351184 (webtiles) character file.

Game seed: 17076963747769994673

1656 bigairbonus the Slasher (level 8, -1/62 HPs)
             Began as a Demonspawn Chaos Knight on May 2, 2022.
             Was a Plaything of Xom.
             Slain by a wyvern zombie (5 damage)
             ... on level 7 of the Dungeon.
             The game lasted 00:28:29 (3732 turns).

bigairbonus the Slasher (Demonspawn Chaos Knight)   Turns: 3732, Time: 00:28:29

Health: -1/62      AC: 26    Str: 16    XL:     8   Next: 68%
Magic:  8/8        EV:  4    Int: 14    God:    Xom [.....*]
Gold:   353        SH:  0    Dex: 13    Spells: 4/7 levels left

rFire   . . .      SeeInvis .   w - +0 great sword
rCold   + . .      Faith    .   (shield currently unavailable)
rNeg    . . .      Spirit   .   y - +3 chain mail
rPois   .          Reflect  .   (helmet restricted)
rElec   .          Harm     .   r - +2 cloak
rCorr   .          Rampage  .   (no gloves)
Will    .....      Clarity  +   (no boots)
Stlth   ..........              l - amulet of magic regeneration
HPRegen 0.20/turn               (no ring)
MPRegen 0.51/turn               (no ring)

@: marked, sanguine armoured, held
A: foul stench 1, icemail 1, sanguine armour 1, condensation shield, weakness
stinger 2, horns 1, talons 1, clarity, cold resistance 1, mutation resistance 1,
shaggy fur 1, strong 1, MP-powered wands
a: Renounce Religion


You were on level 7 of the Dungeon.
You worshipped Xom.
You were Xom's teddy bear.
You visited 1 branch of the dungeon, and saw 7 of its levels.

You collected 353 gold pieces.

Inventory:

Hand Weapons
 a - a +0 falchion of chaos
 w - a +0 great sword (weapon)
 x - a +6 dire flail of holy wrath
 A - a +3 battleaxe
Armour
 b - a +2 leather armour
 j - a +0 helmet
 k - a +0 helmet
 p - a +2 animal skin
 r - a +2 cloak (worn)
 y - a +3 chain mail (worn)
Magical Staves
 c - a staff of death
Jewellery
 l - an amulet of magic regeneration (around neck)
Wands
 f - a wand of paralysis (4)
 h - a wand of acid (1) (quivered)
 m - a wand of iceblast (11)
Scrolls
 d - a scroll of magic mapping
 e - 2 scrolls of vulnerability
 n - 2 scrolls of identify
 t - 2 scrolls of fog
 z - 2 scrolls of teleportation
Potions
 g - a potion of degeneration
 i - a potion of haste
 o - a potion of magic {unknown}
 q - a potion of flight


   Skills:
 + Level 5.2 Fighting
 + Level 7.3 Long Blades
 + Level 3.8 Armour
 + Level 3.5 Dodging
 + Level 1.2 Stealth
 + Level 2.5 Shields
 + Level 1.9 Evocations


You had 4 spell levels left.
You knew the following spells:

 Your Spells              Type           Power      Damage    Failure   Level
a - Vampiric Draining     Necr           0%         2d6       100%        3

Your spell library contained the following spells:

 Spells                   Type           Power      Damage    Failure   Level
 Animate Skeleton         Necr           0%         N/A       99%         1
 Apportation              Tloc           0%         N/A       99%         1
 Pain                     Necr           0%         1d4       99%         1
 Slow                     Hex            0%         N/A       99%         1
 Summon Small Mammal      Summ           0%         N/A       99%         1
 Blink                    Tloc           0%         N/A       100%        2
 Confusing Touch          Hex            0%         N/A       100%        3
 Lesser Beckoning         Tloc           0%         N/A       100%        3
 Alistair's Intoxication  Tmut/Pois      0%         N/A       100%        5
 Manifold Assault         Tloc           0%         N/A       100%        5


Dungeon Overview and Level Annotations

Branches:
Dungeon (7/15)             Temple (0/1) D:7

Altars:
Ashenzari
Gozag
Okawaru
Ru
Xom
Zin

Annotations:
D:7 Harold


Innate Abilities, Weirdness & Mutations

You may rarely emit foul miasma when damaged in melee.
A meltable icy envelope protects you from harm. (AC +4)
When seriously injured, your blood forms armour. (AC +6)
A meltable shield of frost defends you. (SH +4)
You have a tail ending in a sharp stinger.
You have a pair of small horns on your head.
You have sharp toenails.
You possess an exceptional clarity of mind.
Your flesh is cold resistant. (rC+)
You are somewhat resistant to further mutation.
You are covered in fur. (AC +1)
Your muscles are strong. (Str +2)
You expend magic power (3 MP) to strengthen your wands.


Message History

You swap places.
Found a scroll of identify.
The wyvern zombie bites you but does no damage.
Harold hits you but does no damage.
You slash the wyvern zombie!
You claw the wyvern zombie, but do no damage.
The wyvern zombie is moderately damaged.
The wyvern zombie barely misses you.
Harold throws a throwing net.
The throwing net hits you.
You become entangled in the net!
The wyvern zombie bites you!
You struggle against the net.
Harold hits you but does no damage. The wyvern zombie bites you.
You emit a cloud of foul miasma!
You struggle against the net.
The wyvern zombie bites you.
Harold hits you from afar with a +0 trident!
Your blood congeals into armour.
You struggle against the net.
The wyvern zombie bites you. Harold hits you but does no damage.
You rip the net and break free!
The wyvern zombie bites you but does no damage.
Harold closely misses you. The wyvern zombie closely misses you.
You slice the wyvern zombie!! Your kick misses the wyvern zombie.
Your tail-slap misses the wyvern zombie.
The wyvern zombie is almost destroyed.
The wyvern zombie closely misses you.
Harold hits you from afar with a +0 trident.
The wyvern zombie bites you!
* * * LOW HITPOINT WARNING * * *
You feel better.
Harold hits you from afar with a +0 trident!
* * * LOW HITPOINT WARNING * * *
The wyvern zombie bites you.
* * * LOW HITPOINT WARNING * * *
You swap places.
Harold throws a throwing net.
The throwing net hits you.
You become entangled in the net!
You see here a throwing net.
You struggle against the net.
The wyvern zombie bites you but does no damage. x2
You struggle against the net.
Harold hits you but does no damage. The wyvern zombie bites you.
You die...
Xom giggles madly!

#......?...#
=.
#..........#
#......>(..#
....bbbb..#
#.
#.b.b.b..###
#.#
##..b..b....
.### #..
#..@°bbbb..#
...##..
#...Z..b...#
#.....
#...@bb....#
#..##.
#...bbb....#
#...#.
#..$b......#
#....
##.(......##
#.#..
##........##
#.#..
########..#
#.#.. ##.#
#.#.. #.##
#...> #..#
#..##


You could see Harold and a wyvern zombie.

Vanquished Creatures
  Edmund (D:6)
  An orc warrior (D:7)
  A black bear (D:6)
  A sky beast (D:6)
  2 ogres
  A phantom (D:7)
  A scorpion (D:6)
  A wyvern skeleton (D:6)
  2 wights (D:7)
  A howler monkey (D:5)
  2 hounds
  A gnoll shaman (D:7)
  3 orc wizards
  Robin (D:4)
  3 gnolls (D:7)
  A howler monkey skeleton (D:5)
  5 adders
  A shadow imp (D:5)
  A worm (D:3)
  2 dart slugs (D:1)
  9 orcs
  4 ball pythons
  3 endoplasms
  2 giant cockroaches (D:2)
  9 goblins
  4 hobgoblins
  4 jackals
  2 quokkas
  3 bats (D:2)
  A frilled lizard (D:2)
  5 kobolds
  7 rats
  A spectral hobgoblin (D:1)
86 creatures vanquished.

Vanquished Creatures (collateral kills)
  An ogre (D:5)
  A kobold brigand (D:6)
  A water moccasin skeleton (D:5)
  3 wights (D:6)
  A jelly (D:6)
  An iguana (D:5)
  An orc wizard (D:6)
  An adder (D:5)
  An ufetubus (D:6)
  2 orcs (D:4)
  A giant cockroach (D:4)
  2 goblins (D:4)
  3 hobgoblins (D:4)
19 creatures vanquished.

Vanquished Creatures (others)
  A fungus (D:1)
  A plant (D:1)
2 creatures vanquished.

Grand Total: 107 creatures vanquished

Notes
Turn   | Place    | Note
-------+----------+-------------------------------------------
     0 | D:1      | bigairbonus the Demonspawn Chaos Knight began the quest for
                  | the Orb.
     0 | D:1      | Reached XP level 1. HP: 18/18 MP: 1/1
   160 | D:1      | XOM: silly message
   324 | D:1      | XOM: torment (8/18 hp)
   482 | D:1      | Gained mutation: You have a small tail. [demonic ancestry]
   482 | D:1      | Reached XP level 2. HP: 24/24 MP: 2/2
   524 | D:1      | Found a faded altar of an unknown god.
   600 | D:1      | Reached skill level 3 in Long Blades
   600 | D:1      | Reached skill level 1 in Dodging
   726 | D:2      | Reached XP level 3. HP: 29/29 MP: 3/3
   978 | D:2      | Found a shimmering altar of Xom.
  1139 | D:3      | Found an opulent altar of Gozag.
  1148 | D:3      | XOM: god gift: wand of acid (6)
  1162 | D:3      | XOM: enchant monster (bad)
  1163 | D:3      | XOM: potion effect (brilliance)
  1168 | D:3      | Gained mutation: A meltable shield of frost defends you.
                  | (SH +4) [demonic ancestry]
  1168 | D:3      | Reached XP level 4. HP: 31/37 MP: 4/4
  1478 | D:3      | Learned a level 3 spell: Vampiric Draining
  1523 | D:4      | Found an iron altar of Okawaru.
  1547 | D:4      | XOM: summons friendly shadow imp
  1547 | D:4      | HP: 1/37 [orc wizard/magic dart (8)]
  1551 | D:4      | Reached skill level 4 in Long Blades
  1588 | D:4      | Noticed Robin
  1646 | D:4      | XOM: summons friendly shadow imp
  1666 | D:4      | Gained mutation: A meltable icy envelope protects you from
                  | harm. (AC +4) [demonic ancestry]
  1666 | D:4      | Reached XP level 5. HP: 16/42 MP: 5/5
  1683 | D:4      | Killed Robin
  1694 | D:4      | Gained mutation: Your flesh is cold resistant. (rC+)
                  | [potion of mutation]
  1694 | D:4      | Gained mutation: You are somewhat resistant to further
                  | mutation. [potion of mutation]
  1738 | D:4      | XOM: give mutations
  1738 | D:4      | Gained mutation: You possess an exceptional clarity of
                  | mind. [Xom's grace]
  1738 | D:4      | Gained mutation: You are covered in fur. (AC +1) [Xom's
                  | grace]
  1738 | D:4      | Gained mutation: Your muscles are strong. (Str +2) [Xom's
                  | grace]
  1738 | D:4      | Gained mutation: You have a pair of small horns on your
                  | head. [Xom's grace]
  1801 | D:4      | XOM: 2-stop teleportation journey
  1864 | D:5      | Entered Level 5 of the Dungeon
  2154 | D:5      | Noticed an ogre
  2167 | D:5      | XOM: divination: detect creatures
  2184 | D:5      | Killed an ogre
  2185 | D:5      | Reached skill level 1 in Shields
  2211 | D:5      | Gained mutation: You have a tail ending in a sharp stinger.
                  | [demonic ancestry]
  2211 | D:5      | Reached XP level 6. HP: 38/48 MP: 6/6
  2216 | D:5      | XOM: scenery: 1 doors close
  2220 | D:5      | XOM: cleaving
  2221 | D:5      | XOM: summons friendly soul eater
  2238 | D:5      | Reached skill level 5 in Long Blades
  2330 | D:5      | Found a broken altar of Ashenzari.
  2567 | D:5      | Gained mutation: When seriously injured, your blood forms
                  | armour. (AC +6) [demonic ancestry]
  2567 | D:5      | Reached XP level 7. HP: 52/54 MP: 7/7
  2756 | D:6      | Found a sacrificial altar of Ru.
  2893 | D:6      | Reached skill level 1 in Evocations
  2961 | D:6      | Noticed Edmund
  2966 | D:6      | XOM: 4-stop teleportation journey
  3096 | D:6      | Killed Edmund
  3097 | D:6      | Reached skill level 6 in Long Blades
  3097 | D:6      | Gained mutation: You may rarely emit foul miasma when
                  | damaged in melee. [demonic ancestry]
  3097 | D:6      | Reached XP level 8. HP: 61/61 MP: 8/8
  3126 | D:6      | XOM: give mutations
  3126 | D:6      | Gained mutation: You expend magic power (3 MP) to
                  | strengthen your wands. [Xom's grace]
  3126 | D:6      | Gained mutation: You have sharp toenails. [Xom's grace]
  3285 | D:6      | Reached skill level 1 in Stealth
  3455 | D:7      | XOM: scenery: create altars
  3506 | D:7      | XOM: scenery: create altars
  3511 | D:7      | XOM: divination: detect items
  3526 | D:7      | XOM: confuse monster(s)
  3530 | D:7      | Reached skill level 5 in Fighting
  3530 | D:7      | Reached skill level 7 in Long Blades
  3582 | D:7      | Found a staircase to the Ecumenical Temple.
  3717 | D:7      | Noticed Harold
  3720 | D:7      | XOM: scenery: summon butterflies
  3729 | D:7      | HP: 3/62 [wyvern zombie (3)]
  3732 | D:7      | Slain by a wyvern zombie

Illustrated notes

Levels and vault maps discovered:
D:1:      lemuel_arrival_muddy, layout_basic, serial_co_window_serial,
          co_window_paths_b, co_window_paths_b, co_window_paths_b,
          co_window_paths_a, co_window_cross_1, co_window_broadway_c,
          co_window_broadway_a, co_window_2corner, co_window_4corner_a,
          co_window_paths_d, glass_columns_a, glass_columns_a, glass_columns_a,
          glass_columns_b, dreamdust_ecumenical_altar_drowned_temple,
          feat_on_display
D:2:      layout_rooms, basic_altar, serial_bayou_pond_e
D:3:      layout_rooms, amcnicky_altar_gilded,
          grunt_dithmenos_smoke_and_mirrors, marbit_many_paths
D:4:      layout_cave_pods, okawaru_metal_pillars_3, uniq_robin
D:5:      layout_gridville, zin_treasury, nicolae_ashenzari_panopticon
D:6:      layout_basic, kennysheep_mini, uniq_crazy_yiuf_cottage, uniq_edmund
D:7:      layout_rooms, temple_pool_b, uniq_pikel, uniq_harold

Skill      XL: |  1  2  3  4  5  6  7  8 |
---------------+-------------------------+-----
Long Blades    | 3 4 5 6 7 |  7.3
Dodging        | 1 2 3 |  3.5
Armour         | 2 3 |  3.8
Shields        | 1 2 |  2.5
Fighting       | 4 5 |  5.2
Evocations     | 1 |  1.9
Stealth        | 1 |  1.2

Action                   |  1- 3 |  4- 6 |  7- 9 || total
-------------------------+-------+-------+-------++-------
Melee: Falchion          |    97 |   108 |       ||   205
       Punch             |     2 |       |       ||     2
       Tailslap          |     7 |    10 |    18 ||    35
       Headbutt          |       |     8 |    17 ||    25
       Great sword       |       |       |    81 ||    81
       Kick              |       |       |    20 ||    20
Evoke: Wand              |       |     3 |     7 ||    10
  Use: Scroll            |     1 |     6 |     6 ||    13
       Potion            |     5 |     3 |     3 ||    11
 Stab: Distracted        |       |     1 |       ||     1
       Confused          |       |       |     1 ||     1
Armor: Leather armour    |    70 |    29 |    13 ||   112
       Chain mail        |       |       |    66 ||    66
Dodge: Dodged            |   104 |    61 |    48 ||   213
Block: Other             |       |    32 |    14 ||    46
